 Dungeon Crawl Stone Soup version 0.27-a0-1332-g84bddb5ca7 (webtiles) character file.

Game seed: 18138495698680210395

0 Brandom the Sneak (level 1, 0/18 HPs)
             Began as a Demonspawn Delver on June 25, 2021.
             Slain by an adder skeleton (4 damage)
             ... on level 4 of the Dungeon.
             The game lasted 00:01:10 (94 turns).

Brandom the Sneak (Demonspawn Delver)                 Turns: 94, Time: 00:01:11

Health: 0/18       AC:  3    Str: 12    XL:     1   Next: 8%
Magic:  1/1        EV: 11    Int: 11    God:
Gold:   0          SH:  0    Dex: 14    Spells: 0/0 levels left

rFire    . . .     SeeInvis .   a - +0 falchion
rCold    . . .     Faith    .   (no shield)
rNeg     . . .     Spirit   .   b - +0 leather armour
rPois    .         Reflect  .   (no helmet)
rElec    .         Harm     .   (no cloak)
rCorr    .         Rampage  .   (no gloves)
Will     .....                  (no boots)
Stlth    ++........             (no amulet)
HPRegen  0.06/turn              (no ring)
MPRegen  0.07/turn              (no ring)

@: no status effects
A: no striking features
a: no special abilities


You were on level 4 of the Dungeon.
You visited 1 branch of the dungeon, and saw 2 of its levels.

Inventory:

Hand Weapons
 a - a +0 falchion (weapon)
Armour
 b - a +0 leather armour (worn)
 g - a +0 chain mail
   (You found it on level 5 of the Dungeon)
Wands
 v - a wand of digging (3)
Scrolls
 c - a scroll of fog
 d - a scroll of magic mapping
 e - a scroll of fear
Potions
 f - a potion of haste {@q3}


   Skills:
 * Level 3.0 Fighting
 * Level 1.8 Long Blades
 + Level 0.0 Armour
 + Level 1.7 Dodging
 - Level 4.5 Stealth


You couldn't memorise any spells.
You didn't know any spells.
Your spell library was empty.

Dungeon Overview and Level Annotations

Branches:
Dungeon (5/15)
 Temple: D:4-7

Altars:


Message History

You see here a +0 chain mail.
g - a +0 chain mail
There is an escape hatch in the ceiling here.
Really go through this one-way escape hatch?
A mysterious force pulls you upwards. The hatch slams shut behind you.
You hear the sound of rushing water.
There is an entrance to a sewer on this level.
Hurry and find it before the portal rusts away!
A ball python comes into view.
An ogre comes into view. It is wielding a +0 giant spiked club.
The ogre shouts!
The ball python hisses angrily.
You closely miss the ball python.
The ball python bites you but does no damage.
The ball python closely misses you. x2; The ball python barely misses you.
You hit the ball python.
The ball python bites you but does no damage.
The ball python barely misses you.
You hit the ball python.
You kill the ball python!
Found a hunting sling.
Found a stone staircase leading down.
An adder skeleton comes into view.
Unknown command.
Unknown command.
The adder skeleton bites you.
You hear the slow rusting of a very distant drain.
Found a ring mail.
Found a runed whip.
The adder skeleton bites you.
You see here a +0 ring mail.
The adder skeleton barely misses you.
You riposte.
You barely miss the adder skeleton.
You see here a +2 whip of electrocution.
The adder skeleton bites you.
You hit the adder skeleton. The adder skeleton bites you.
The adder skeleton closely misses you.
You riposte.
You hit the adder skeleton. You barely miss the adder skeleton.
You closely miss the ogre. You closely miss the adder skeleton.
The adder skeleton closely misses you.
You riposte.
You closely miss the adder skeleton. The ogre barely misses you.
You riposte.
You hit the ogre. The adder skeleton bites you.
* * * LOW HITPOINT WARNING * * *
You hit the ogre. The ogre misses you.
You riposte.
You closely miss the ogre. The adder skeleton bites you.
* * * LOW HITPOINT WARNING * * *
You barely miss the ogre. The ogre barely misses you.
The adder skeleton bites you.
* * * LOW HITPOINT WARNING * * *
You hit the ogre. The adder skeleton barely misses you.
The ogre barely misses you. The adder skeleton bites you.
You die...

##...####
##........
#.........
##.........
##..........
##...........
##O..##.......
#####..####.......
#@O#.### .......
##Z.## ....#. #.##
..## ###


You could see an ogre and an adder skeleton.

Vanquished Creatures
  A ball python (D:4)
1 creature vanquished.

Notes
Turn   | Place    | Note
-------+----------+-------------------------------------------
     0 | D:5      | Brandom the Demonspawn Delver began the quest for the Orb.
     0 | D:5      | Reached XP level 1. HP: 18/18 MP: 1/1
    15 | D:4      | Noticed an ogre
    94 | D:4      | Slain by an adder skeleton

Illustrated notes

Levels and vault maps discovered:
D:4:      layout_layer_cave, portal_sewer_entry_d
D:5:      layout_rooms, serial_bayou_pond_a

Action                   || total
-------------------------++-------
Melee: Falchion          ||    10
Armor: Leather armour    ||     2
Dodge: Dodged            ||    12
       Rpst.: Falchion   ||     5

Table legend: (Time is in decaauts)
 A = Elapsed time spent in this place.
 B = Non-inter-level travel time spent in this place.
 C = Inter-level travel time spent in this place.
 D = Time resting spent in this place.
 E = Time spent auto-exploring this place.
 F = Levels seen in this place.
 G = Mean time per level.
                   A        B        C        D        E       F      G
               +--------+--------+--------+--------+--------+-----+--------+
         Total |     95 |     95 |      0 |      0 |      0 |   2 |   47.5 |
       Dungeon |     95 |     95 |      0 |      0 |      0 |   2 |   47.5 |
               +--------+--------+--------+--------+--------+-----+--------+

Top non-repeatable levels by time:
     D:4: 82 daAuts
     D:5: 13 daAuts
